 Dungeon Crawl Stone Soup version 0.30-a0-141-g30f27751c5 (webtiles) character file.

Game seed: 17363823257176274559

110 qw the Chopper (level 4, -1/28 HPs)
             Began as a Gargoyle Fighter on Sept 25, 2022.
             Slain by Grinder (4 damage)
             ... while paralysed by Grinder
             ... on level 3 of the Dungeon.
             The game lasted 00:00:51 (1933 turns).

qw the Chopper (Gargoyle Fighter)                   Turns: 1933, Time: 00:00:52

Health: -1/28      AC: 13    Str: 22    XL:     4   Next: 91%
Magic:  4/4        EV:  2    Int:  8    God:
Gold:   90         SH:  0    Dex:  9    Spells: 3/3 levels left

rFire   . . .      SeeInvis .    Y - +2 war axe
rCold   . . .      Faith    .    c - +0 buckler
rNeg    + . .      Spirit   .    j - +0 chain mail
rPois   inf        Reflect  .    (no helmet)
rElec   +          Harm     .    (no cloak)
rCorr   .          Rampage  .    h - +0 pair of gloves
Will    .....                    (no boots)
Stlth   ..........               (no amulet)
HPRegen 0.09/turn                (no ring)
MPRegen 0.09/turn                (no ring)

@: paralysed
A: sickness immunity, AC +3, negative energy resistance 1, electricity
resistance, torment resistance 1, petrification resistance
a: no special abilities


You were on level 3 of the Dungeon.
You visited 1 branch of the dungeon, and saw 3 of its levels.

You collected 90 gold pieces.


Innate Abilities, Weirdness & Mutations

You are immune to sickness and miasma.
Your stone body is resilient. (AC +3)
You are immune to poison.
You resist negative energy. (rN+)
You are resistant to electric shocks. (rElec)
You are resistant to unholy torment.
You are immune to petrification.


   Skills:
 - Level 3.2 Fighting
 + Level 4.2 Axes
 - Level 1.0 Throwing
 - Level 3.2 Armour
 - Level 3.2 Shields


You had 3 spell levels left.
You didn't know any spells.
Your spell library was empty.

Inventory:

Hand Weapons
 g - a +0 club
 Y - a +2 war axe (weapon)
Armour
 c - a +0 buckler (worn)
 h - a +0 pair of gloves (worn)
 j - a +0 chain mail (worn)
Jewellery
 i - a ring of fire
 m - a +4 ring of protection
Scrolls
 e - a scroll of teleportation {unknown}
Potions
 a - a potion of cancellation {unknown}
 b - a potion of berserk rage {unknown}
 d - a potion of might
 f - a potion of ambrosia {unknown}
 k - 2 potions of haste

Dungeon Overview and Level Annotations

Branches:
Dungeon (3/15)

Altars:

Annotations:
D:3 Grinder


Message History

You resist with significant effort. The worm bites you.
Grinder hits you but does no damage.
You completely miss the worm.
The worm is heavily wounded.
You closely miss Grinder. Grinder barely misses you.
The worm completely misses you.
You barely miss the worm.
The worm is moderately wounded.
You hit Grinder. Grinder hits you.
You writhe in agony.
The worm bites you but does no damage.
You barely miss Grinder.
Grinder is moderately wounded.
You slash the worm! Grinder gestures at you. Pain shoots through your body!
Grinder closely misses you.
You hit the worm.
The worm is almost dead.
You slash Grinder! The worm bites you but does no damage.
Grinder hits you but does no damage.
You hit the worm.
You kill the worm!
You hit Grinder but do no damage. You block the bat's attack.
The bat hits you but does no damage. Grinder hits you but does no damage.
The bat barely misses you.
You closely miss Grinder.
Grinder is heavily wounded.
You slash the bat!
You kill the bat!
Grinder hits you but does no damage. Grinder hits you.
The orc hits you but does no damage.
You hit Grinder.
Grinder is heavily wounded.
You hit the orc. The orc hits you but does no damage. Grinder gestures at you.
You suddenly lose the ability to move!
The orc hits you but does no damage. Grinder hits you.
You writhe in agony.
Grinder hits you but does no damage. The orc hits you but does no damage.
The orc hits you but does no damage. Grinder hits you.
You die...

#.# #.# #.# #.# #.# ###
#.######....
#############....5..(...
.....(..........@o......
##.###.#######.######...
#.# #.# #.# ##.# #.# #.#
#[## ### #.# ..# #.# #.#
... ### #.. #.#


You could see Grinder and an orc.

Vanquished Creatures
  Jessica (D:3)
  2 adders (D:2)
  2 worms
  A dart slug (D:3)
  6 endoplasms
  2 giant cockroaches
  6 goblins
  4 hobgoblins
  6 jackals (D:2)
  3 quokkas
  3 ball pythons
  6 bats
  6 frilled lizards
  4 kobolds
  4 rats
56 creatures vanquished.

Notes
Turn   | Place    | Note
-------+----------+-------------------------------------------
     0 | D:1      | qw the Gargoyle Fighter began the quest for the Orb.
     0 | D:1      | Reached XP level 1. HP: 14/14 MP: 1/1
     0 | D:1      | 0 ||| qw: Version: 0.2-a-10-g399e6c4
     0 | D:1      | 0 ||| qw: Game counter: 266
     0 | D:1      | 0 ||| qw: Always use a shield: true
     0 | D:1      | 0 ||| qw: God list: Okawaru
     0 | D:1      | 0 ||| qw: Allow faded altars: false
     0 | D:1      | 0 ||| qw: Do Orc after D:15 true
     0 | D:1      | 0 ||| qw: Do second Lair branch before Depths: true
     0 | D:1      | 0 ||| qw: Lair rune preference: random
     0 | D:1      | 0 ||| qw: Plans: Normal, Zot:1-4, God:TSO, Crypt, Tomb,
                  | Pan, Slime:5, Hells, Abyss, Orb
     0 | D:1      | 0 ||| PLANNING D:1-11
    40 | D:1      | Reached skill level 2 in Axes
   204 | D:1      | Reached XP level 2. HP: 19/19 MP: 2/2
   295 | D:1      | 295 ||| Stepping ~*~*~tactically~*~*~ (stealth).
   447 | D:1      | Found a faded altar of an unknown god.
   448 | D:1      | 448 ||| Stepping ~*~*~tactically~*~*~ (stealth).
   533 | D:1      | Reached skill level 3 in Axes
   629 | D:1      | Reached XP level 3. HP: 23/23 MP: 3/3
   923 | D:1      | 923 ||| UPGRADING to +0 pair of gloves.
   928 | D:1      | 928 ||| UPGRADING to +0 chain mail.
   938 | D:1      | 938 ||| DROPPING +0 scale mail.
   939 | D:1      | 939 ||| READING scroll labelled USAKLO HAEHECW.
   940 | D:1      | 940 ||| READING 3 scrolls labelled WORYCAN KAJESI.
   941 | D:1      | 941 ||| DROPPING 2 scrolls of poison.
   973 | D:2      | 973 ||| STAIRDANCE
  1009 | D:2      | Reached skill level 1 in Throwing
  1383 | D:2      | Reached XP level 4. HP: 20/28 MP: 4/4
  1482 | D:2      | 1482 ||| FLEEEEING.
  1483 | D:2      | 1483 ||| FLEEEEING.
  1550 | D:2      | 1550 ||| Stepping ~*~*~tactically~*~*~ (stealth).
  1619 | D:2      | 1619 ||| Stepping ~*~*~tactically~*~*~ (stealth).
  1739 | D:2      | 1739 ||| READING scroll labelled QIUFOH YXKU.
  1740 | D:2      | 1740 ||| READING scroll labelled PAB NOBOKAD.
  1741 | D:2      | 1741 ||| READING scroll labelled PORYR NUODIOGA.
  1742 | D:2      | 1742 ||| DRINKING 3 murky silvery potions.
  1791 | D:3      | 1791 ||| READING scroll of enchant weapon.
  1791 | D:3      | 1791 ||| ENCHANTING +1 war axe.
  1805 | D:3      | Noticed Jessica
  1806 | D:3      | 1806 ||| Stepping ~*~*~tactically~*~*~ (hiding).
  1807 | D:3      | 1807 ||| Stepping ~*~*~tactically~*~*~ (hiding).
  1808 | D:3      | 1808 ||| Stepping ~*~*~tactically~*~*~ (hiding).
  1811 | D:3      | Killed Jessica
  1812 | D:3      | Reached skill level 4 in Axes
  1838 | D:3      | 1838 ||| Stepping ~*~*~tactically~*~*~ (stealth).
  1918 | D:3      | Noticed Grinder
  1929 | D:3      | HP: 7/28 [Grinder (4)]
  1930 | D:3      | Paralysed by Grinder for 5 turns
  1931 | D:3      | HP: 3/28 [Grinder (4)]
  1933 | D:3      | Slain by Grinder

Levels and vault maps discovered:
D:1:      lemuel_arrival_cross, layout_basic, dreamdust_ecumenical_altar_grove,
          chequers_serial_rivers_large_a, minmay_misc_feat_tower, fountainhead
D:2:      layout_loops_ring, minmay_close_crescents
D:3:      layout_loops_ring, marbit_many_paths,
          grunt_temple_overflow_growth_and_decay, lightli_corner_chamber,
          uniq_jessica, uniq_grinder, uniq_crazy_yiuf_cottage, uniq_sigmund,
          uniq_ijyb

Skill      XL: |  1  2  3  4 |
---------------+-------------+-----
Axes           | 2 3 4 |  4.2
Throwing       | 1 |  1.0
Fighting       | |  3.2
Armour         | |  3.2
Shields        | |  3.2

Action                   |  1- 3 |  4- 6 || total
-------------------------+-------+-------++-------
Melee: War axe           |   136 |    41 ||   177
Throw: Javelin           |    18 |     4 ||    22
  Use: Scroll            |     2 |     4 ||     6
       Potion            |       |     1 ||     1
Armor: Scale mail        |    63 |       ||    63
       Chain mail        |    44 |    27 ||    71
Dodge: Dodged            |    59 |    13 ||    72
Block: Buckler           |    39 |     5 ||    44

Table legend:
 A = Non-vault XP
 B = Vault XP
 C = Vault XP percentage of total XP
 D = Non-vault monster count
 E = Vault monster count
 F = Vault count percentage of total count
                 A         B        C        D         E       F
            +---------+---------+-------+---------+---------+-------
      Total |     113 |      45 |  28.5 |      52 |       4 |   7.1
            +---------+---------+-------+---------+---------+-------
        D:1 |      37 |       0 |   0.0 |      24 |       0 |   0.0
        D:2 |      59 |       8 |  11.9 |      20 |       3 |  13.0
        D:3 |      17 |      37 |  68.5 |       8 |       1 |  11.1
            +---------+---------+-------+---------+---------+-------
